Map: 포트 알렉산더 - 래더

Players

PartinG

  • Race: Protoss Protoss
  • League: Master
  • Spawn Location: 5:00

Stats - Winner!

  • Race: Protoss Protoss
  • League: Grandmaster
  • Spawn Location: 11:00

Event: IEM Season 13 - Katowice Server Qualifiers Asia 2

VOD

Have the link to the VOD?

Description

Time

  • Played on: Jan. 22, 2019, 5:48 a.m.
  • Length: 10:27

All games in this series

Show
View Real Time Build Order
Export as new Build Order

PartinG Protoss 

Build Orders: Phoenix Opening 

Get SALT Encoding   

  12  0:00  Probe  
  13  0:12  Probe  
  14  0:20  Pylon  
  14  0:25  Probe  
  15  0:34  Probe  
  15  0:39  Gateway  
  15  0:42  Probe  
  16  0:49  Assimilator  
  17  0:51  Probe  
  17  0:56  Assimilator  
  18  0:59  Probe  
  19  1:07  Probe  
  19  1:13  Gateway  
  20  1:19  Probe  
  21  1:26  Cybernetics Core  
  21  1:31  Probe  
  22  1:38  Pylon  
  22  1:43  Probe  
  23  1:52  Warp Gate  
  23  1:56  Probe  
  24  2:02  Sentry, Stalker  
  28  2:15  Pylon  
  30  2:33  Sentry  
  30  2:36  Phoenix  
  30  2:40  Sentry  
  31  2:44  Nexus  
  31  2:47  Probe  
  32  2:59  Probe, Shield Battery  
  33  3:07  Pylon  
  33  3:12  Probe  
  34  3:14  Stalker  
  36  3:26  Probe  
  39  3:33  Stargate  
  37  3:38  Probe  
  40  3:50  Probe  
  40  3:53  Probe  
  40  3:55  Stalker  
  41  4:01  Probe x2  
  42  4:08  Phoenix  
  42  4:09  Probe  
  44  4:13  Twilight Council  
  47  4:17  Probe  
  47  4:18  Probe  
  49  4:24  Forge  
  49  4:29  Probe  
  49  4:30  Probe  
  51  4:39  Stalker x2  
  51  4:40  Blink  
  51  4:44  Pylon  
  51  4:45  Probe x2  
  57  4:58  Probe x2, Protoss Ground Weapons Level 1  
  59  5:10  Probe  
  59  5:11  Probe  
  61  5:16  Nexus  
  61  5:19  Pylon  
  61  5:30  Gateway  
  61  5:32  Gateway  
  61  5:33  Gateway  
  61  5:41  Stalker x2  
  65  5:46  Probe x2  
  67  5:50  Gateway  
  67  6:07  Gateway  
  67  6:08  Gateway  
  67  6:09  Zealot x2  
  71  6:12  Pylon  
  71  6:15  Charge  
  71  6:16  Assimilator  
  71  6:20  Assimilator  
  71  6:24  Probe x2  
  73  6:27  Protoss Ground Weapons Level 2  
  73  6:29  Zealot x3  
  79  6:34  Zealot x2  
  79  6:39  Templar Archives  
  83  6:46  Robotics Facility  
  83  6:48  Probe x2  
  83  6:49  Probe  
  86  7:00  Zealot  
  86  7:01  Zealot  
  90  7:11  Zealot x3  
  94  7:16  Photon Cannon  
  94  7:24  Zealot x3  
  94  7:26  Probe  
  94  7:27  Pylon  
  101  7:33  Pylon  
  101  7:43  Warp Prism  
  100  7:45  Stalker  
  100  7:46  Stalker  
  101  7:53  Probe x3  
  101  7:56  High Templar x2  
  104  8:01  High Templar  
  104  8:02  Archon  
  104  8:03  High Templar  
  104  8:04  Zealot  
  108  8:14  Archon, Zealot x3  
  114  8:23  Observer  
  115  8:30  Zealot  
  117  8:36  Pylon  
  117  8:37  Pylon x2  
  117  8:40  Pylon  
  117  8:41  Photon Cannon  
  117  8:47  Assimilator  
  117  8:48  Assimilator  
  117  8:51  Probe  
  117  8:52  Probe x2  
  117  8:55  Zealot x4  
  119  9:07  Probe x2  
  119  9:09  Probe  
  122  9:14  High Templar x4  
  130  9:19  Probe x2, Archon x2, Zealot x2  
  130  9:21  Probe  
  137  9:27  Zealot x2  
  141  9:33  Probe  
  142  9:43  Stalker  
  142  9:44  Stalker  
  144  9:52  Pylon  
  144  9:54  Pylon  
  144  10:13  Zealot x7  
  132  10:18  Zealot  
Show
View Real Time Build Order
Export as new Build Order

Stats Protoss - Winner!

Build Orders: Oracle Opening, Phoenix Opening, Zealot Archon 

Get SALT Encoding   

  12  0:00  Probe  
  13  0:12  Probe  
  14  0:18  Pylon  
  14  0:24  Probe  
  15  0:32  Probe  
  15  0:38  Gateway  
  15  0:40  Probe  
  16  0:48  Assimilator  
  17  0:51  Probe  
  17  0:56  Assimilator  
  18  0:59  Probe  
  19  1:07  Probe  
  20  1:13  Gateway  
  20  1:17  Probe  
  21  1:26  Cybernetics Core  
  21  1:30  Probe  
  22  1:37  Pylon  
  22  1:42  Probe  
  23  1:55  Probe  
  24  2:02  Stalker  
  24  2:03  Sentry  
  24  2:05  Warp Gate  
  28  2:10  Pylon  
  28  2:35  Stargate, Phoenix  
  27  2:45  Nexus  
  27  2:48  Probe  
  28  2:55  Stalker  
  30  3:00  Probe  
  31  3:07  Stalker  
  31  3:12  Probe  
  34  3:15  Oracle  
  36  3:25  Probe  
  38  3:31  Pylon  
  38  3:37  Probe  
  39  3:48  Probe  
  39  3:51  Oracle  
  39  3:53  Probe  
  43  3:56  Probe  
  45  4:03  Probe  
  45  4:05  Probe  
  45  4:07  Forge  
  47  4:16  Probe x2  
  48  4:22  Protoss Ground Weapons Level 1  
  48  4:23  Sentry, Pylon  
  51  4:28  Probe  
  51  4:30  Probe  
  53  4:40  Robotics Facility, Probe  
  53  4:42  Probe  
  53  4:45  Pylon  
  52  4:53  Probe  
  52  4:54  Probe, Assimilator, Phoenix  
  52  4:57  Assimilator  
  54  5:05  Probe  
  54  5:06  Probe  
  56  5:17  Probe  
  56  5:18  Probe  
  58  5:29  Observer  
  58  5:33  Gateway  
  58  5:35  Gateway x2  
  59  5:37  Gateway  
  59  5:40  Twilight Council  
  59  5:42  Stalker x2  
  61  5:46  Protoss Ground Weapons Level 2  
  63  5:50  Immortal  
  67  6:02  Pylon  
  67  6:04  Pylon  
  67  6:11  Nexus  
  67  6:13  Phoenix  
  67  6:20  Charge  
  67  6:30  Immortal  
  71  6:34  Gateway  
  71  6:35  Gateway  
  71  6:49  Templar Archives  
  71  6:58  Zealot x6  
  71  7:01  Pylon  
  83  7:05  Warp Prism  
  83  7:14  Probe x2  
  87  7:23  Probe  
  87  7:25  High Templar x3  
  87  7:26  Probe x2, High Templar  
  87  7:27  Zealot x2  
  102  7:30  Archon x2  
  102  7:31  Zealot x2  
  102  7:36  Protoss Ground Weapons Level 3  
  106  7:54  High Templar x2, Zealot  
  106  7:55  Zealot  
  106  7:56  Photon Cannon  
  114  7:59  Archon  
  114  8:03  Zealot  
  116  8:07  Pylon  
  116  8:09  Pylon  
  116  8:11  Pylon  
  116  8:17  Probe  
  117  8:25  Probe x2  
  119  8:32  Zealot x6  
  119  8:33  Zealot x2  
  135  8:40  Probe x3  
  138  8:42  Pylon  
  138  8:43  Pylon  
  138  9:04  High Templar x2  
  138  9:05  Zealot x4  
  138  9:06  High Templar  
  138  9:07  High Templar  
  152  9:11  Archon  
  152  9:12  Archon  
  152  9:17  Pylon  
  152  9:18  Pylon  
  152  9:19  Pylon  
  152  9:20  Assimilator  
  152  9:21  Assimilator  
  152  9:24  Pylon  
  152  9:36  High Templar x2  
  156  9:43  Observer  
  156  9:45  Zealot x6  
  164  9:47  Archon  
  166  9:56  Pylon  
  150  10:14  Zealot x6  
  150  10:15  Zealot x2  

Tags
 
Add a new tag
Caveats
  • Supply blocks, unpowered buildings, or Contaminate may cause inaccurate times.
  • Supply counts are checked every 10 seconds.